 Dungeon Crawl Stone Soup version 0.28.0-53-g5a82cb258f (webtiles) character file.

Game seed: 13244555492602233217

14 Descartes the Grasshopper (level 2, 0/22 HPs)
             Began as a Formicid Warper on May 31, 2022.
             Succumbed to an adder's poison
             ... on level 2 of the Dungeon.
             The game lasted 00:01:16 (1188 turns).

Descartes the Grasshopper (Formicid Warper)         Turns: 1188, Time: 00:01:16

Health: 0/22       AC:  6    Str: 15    XL:     2   Next: 60%
Magic:  5/5        EV:  9    Int: 12    God:
Gold:   74         SH:  0    Dex: 10    Spells: 5/5 levels left

rFire   . . .      SeeInvis +   a - +0 hand axe
rCold   . . .      Faith    .   (no shield)
rNeg    . . .      Spirit   .   f - +0 scale mail
rPois   .          Reflect  .   (helmet unavailable)
rElec   .          Harm     .   (no cloak)
rCorr   .          Rampage  .   (no gloves)
Will    .....                   (no boots)
Stlth   ..........              (no amulet)
HPRegen 0.07/turn               (no ring)
MPRegen 0.09/turn               (no ring)

@: lethally poisoned (0 -> -2), attractive
A: permanent stasis, dig shafts and tunnels, antennae 3, four strong arms
a: Dig, Shaft Self


You were on level 2 of the Dungeon.
You visited 1 branch of the dungeon, and saw 2 of its levels.

You collected 74 gold pieces.

Inventory:

Hand Weapons
 a - a +0 hand axe (weapon)
Missiles
 c - 5 boomerangs of dispersal (quivered)
Armour
 b - a +0 leather armour
 f - a +0 scale mail (worn)
Jewellery
 e - a ring of flight
Scrolls
 d - 2 scrolls of identify {unknown}
 g - a scroll of blinking {unknown}


   Skills:
 - Level 2.1 Fighting
 + Level 2.2 Axes
 + Level 1.3 Throwing
 + Level 1.4 Armour
 - Level 1.7 Dodging
 + Level 0.9 Shields
 - Level 2.1 Spellcasting
 + Level 2.8 Translocations


You had 5 spell levels left.
You didn't know any spells.
Your spell library contained the following spells:

 Spells                   Type           Power      Damage    Failure   Level
 Gell's Gravitas          Tloc           8%         N/A       69%         3
 Lesser Beckoning         Tloc           8%         N/A       69%         3
 Teleport Other           Tloc           8%         N/A       69%         3
 Animate Armour           Summ/Erth      2%         N/A       100%        4
 Blade Hands              Tmut           0%         N/A       100%        5
 Manifold Assault         Tloc           8%         N/A       100%        5
 Iron Shot                Conj/Erth      0%         9d1       100%        6
 Blink                    Tloc           Unusable   N/A       N/A         2

Dungeon Overview and Level Annotations

Branches:
Dungeon (2/15)

Altars:

Shops:
D:1 ?


Innate Abilities, Weirdness & Mutations

You cannot be hasted, slowed, berserked, paralysed or teleported.
You can dig through walls and to a lower floor.
You have a pair of large antennae on your head. (SInv)
Your four strong arms can wield two-handed weapons with a shield.


Message History

The adder bites you.
You are poisoned.
The adder poisons you!
You completely miss the adder.
The adder is moderately wounded.
You feel sick. The adder bites you.
You are too injured to fight recklessly!
It was a potion of attraction.
You feel attractive to monsters.
You feel sick. The adder barely misses you.
You barely miss the adder.
The adder is moderately wounded.
You feel sick. The adder barely misses you.
The adder bites you but does no damage.
You hit the adder.
The adder is moderately wounded.
You feel sick.
You are no longer poisoned.
The adder bites you but does no damage.
You closely miss the adder. Your punch misses the adder.
The adder is moderately wounded.
The adder barely misses you. The adder bites you.
* * * LOW HITPOINT WARNING * * *
You hit the adder.
The adder is almost dead.
The adder bites you.
* * * LOW HITPOINT WARNING * * *
You are lethally poisoned!
The adder poisons you! The adder closely misses you.
You closely miss the adder.
The adder is almost dead.
* * * LOW HITPOINT WARNING * * *
You feel sick. The adder barely misses you.
You barely miss the adder.
The adder is almost dead.
* * * LOW HITPOINT WARNING * * *
You feel sick. The adder closely misses you. The adder barely misses you.
You hit the adder.
You kill the adder!
You die...

... #.....##.###
##..###...#......#
.......)w......#.#
#..##..$).{.#.#.##
#.####..#....
#.####..#.#.#
#.##r.{...#.#.#
#.##.#{.....#.####
#.##@##.##.......#
...
#.......##.##.##.#
...
##.....###.##.##.#
#.# #.....#
#.##.##.# #.#
#.....# #.##.##.#
#.# #.....#
#.......# #.#
#.....# ####.####
##.# ####### #.#
#)<# #.#


You could see a quokka.

Vanquished Creatures
  An adder (D:2)
  An orc (D:2)
  2 hobgoblins (D:1)
  2 quokkas (D:1)
  A ball python (D:2)
  A frilled lizard (D:1)
  A goblin (D:1)
  A kobold (D:2)
  6 rats
16 creatures vanquished.

Notes
Turn   | Place    | Note
-------+----------+-------------------------------------------
     0 | D:1      | Descartes the Formicid Warper began the quest for the Orb.
     0 | D:1      | Reached XP level 1. HP: 16/16 MP: 3/3
    60 | D:1      | Found Seadolu's Magic Scroll Shoppe.
   539 | D:1      | Reached XP level 2. HP: 15/22 MP: 5/5
  1085 | D:2      | Found a faded altar of an unknown god.
  1187 | D:2      | HP: 1/22 [poisoned by an adder]
  1188 | D:2      | Succumbed to an adder's poison

Illustrated notes

Levels and vault maps discovered:
D:1:      lemuel_arrival_rhombus, layout_basic, serial_shops, shop
D:2:      layout_loops_cross, ebering_ecumenical_altar_sacrificial, uniq_robin,
          uniq_crazy_yiuf_cottage

Action                   || total
-------------------------++-------
Melee: Hand axe          ||    62
       Punch             ||     1
  Use: Potion            ||     1
Armor: Scale mail        ||    43
       Leather armour    ||     2
Dodge: Dodged            ||    49
